 Dungeon Crawl Stone Soup version 0.20-a0-910-gb611367 (webtiles) character file.

144 tarabluh the Firebug (level 5, -7/28 HPs)
             Began as a Deep Elf Fire Elementalist on Mar 25, 2017.
             Killed by nerve-wracking pain
             ... invoked by an orc priest
              (9 damage)
             ... on level 4 of the Dungeon.
             The game lasted 00:07:30 (3683 turns).

tarabluh the Firebug (Deep Elf Fire Elementalist)   Turns: 3683, Time: 00:07:30

Health: -7/28      AC:  4    Str:  5    XL:     5   Next: 5%
Magic:  0/13       EV: 13    Int: 21    God:
Gold:   273        SH:  0    Dex: 15    Spells: 2/13 levels left

rFire    . . .     SeeInvis .   i - +0 dagger
rCold    . . .     Gourm    .   a - +0 robe
rNeg     . . .     Faith    .   (no shield)
rPois    .         Spirit   +   (no helmet)
rElec    .         Reflect  .   (no cloak)
rCorr    .         Harm     .   (no gloves)
MR       .....                  p - +1 pair of boots
Stlth    ++........             h - amulet of guardian spirit
Regen    0.1/turn               (no ring)
MPRegen  0.2/turn               (no ring)

@: no status effects
A: no striking features
a: no special abilities


You were on level 4 of the Dungeon.
You were very hungry.

You visited 1 branch of the dungeon, and saw 4 of its levels.

You collected 273 gold pieces.

Inventory:

Hand Weapons
 d - a +2 whip of venom
 i - a +0 dagger (weapon)
 j - a +0 spear
Missiles
 m - 2 tomahawks (quivered)
Armour
 a - a +0 robe (worn)
 p - a +1 pair of boots (worn)
Jewellery
 h - an amulet of guardian spirit (around neck)
Scrolls
 g - 3 scrolls of remove curse {unknown}
 o - a scroll of teleportation {unknown}
 t - a scroll of identify {unknown}
Potions
 e - a potion of curing {unknown}
 l - a potion of ambrosia {unknown}
 n - a potion of flight {unknown}
 q - a potion of lignification {unknown}
 r - a potion of mutation {unknown}
 u - 2 potions of heal wounds {unknown}
 v - a potion of brilliance {unknown}
Books
 b - a book of Flames

   Spells                             Type                      Level
   a - Flame Tongue                   Conjuration/Fire             1
   b - Throw Flame                    Conjuration/Fire             2
   c - Conjure Flame                  Conjuration/Fire             3
   d - Inner Flame                    Hexes/Fire                   3
   e - Sticky Flame                   Conjuration/Fire             4
   f - Fireball                       Conjuration/Fire             5
Comestibles
 c - 5 bread rations
 f - 2 fruits
 k - 3 meat rations


   Skills:
 - Level 2.4 Dodging
 - Level 2.4 Stealth
 * Level 4.6 Spellcasting
 * Level 2.8 Conjurations
 + Level 4.8 Fire Magic


You had 2 spell levels left.
You knew the following spells:

 Your Spells              Type           Power        Failure   Level  Hunger
a - Flame Tongue          Conj/Fire      ###..        1%          1    None
b - Conjure Flame         Conj/Fire      ###.....     10%         3    ##.....
c - Sticky Flame          Conj/Fire      ###.....     24%         4    ####...
d - Inner Flame           Hex/Fire       ###.....     14%         3    ##.....


Dungeon Overview and Level Annotations

Branches:
Dungeon (4/15)
 Temple: D:4-7

Altars:
Makhleb
Trog
Uskayaw
Xom
Yredelemnul
Zin


Message History

Press: ? - help, Shift-Dir - straight line, f - orc priest
Aim: an orc priest, wielding a hand axe (lightly wounded)
The flame tongue hits the orc priest.
The orc priest is heavily wounded.
Casting: Flame Tongue
Confirm with . or Enter, or press ? or * to list all spells.
Aiming: Flame Tongue
Press: ? - help, Shift-Dir - straight line, f/p - orc priest
Aim: an orc priest, wielding a hand axe (heavily wounded)
The flame tongue misses the orc priest.
The orc priest mumbles some strange prayers to Beogh against you.
Beogh smites you!
* * * LOW HITPOINT WARNING * * *
Casting: Flame Tongue
Confirm with . or Enter, or press ? or * to list all spells.
You don't have enough magic to cast that spell.
Unknown command.
The orc priest mumbles some strange prayers to Beogh against you.
Pain shoots through your body!
You die...

#.##### ##.##............#
###.############.##...########.##
.................................
.................................
###...........#####.#############
###########.# #.o........# # #.#
#o#.######.# #
##.#####)#o#...>#.####
#....@o#.#.###..#.....
#.....o..#............
#......########.##.... ########
#..<..##.... .....##.######....
.....#.....##....
....####o###.... #..o# #.# #....
#...# #o# #####


You could see an orc priest and an orc.

Vanquished Creatures
  A worker ant (D:4)
  3 adders
  2 worms (D:3)
  A dart slug (D:1)
  2 leopard geckos (D:3)
  3 orcs
  6 giant cockroaches
  8 goblins
  6 hobgoblins
  9 jackals
  8 kobolds
  2 quokkas (D:3)
  9 bats
  10 frilled lizards
  11 rats
81 creatures vanquished.

Notes
Turn   | Place    | Note
-------+----------+-------------------------------------------
     0 | D:1      | tarabluh the Deep Elf Fire Elementalist began the quest for the Orb.
     0 | D:1      | Reached XP level 1. HP: 10/10 MP: 6/6
     2 | D:1      | Noticed a minotaur
     4 | D:1      | Noticed a demonspawn
     4 | D:1      | Noticed an ogre
     6 | D:1      | Noticed a centaur
     6 | D:1      | Noticed a vampire
     8 | D:1      | Noticed a ghoul
     8 | D:1      | Noticed a demigod
    10 | D:1      | Noticed a felid
    10 | D:1      | Noticed a gargoyle
    12 | D:1      | Noticed a dwarf
    12 | D:1      | Noticed a vine stalker
    14 | D:1      | Noticed an elf
    14 | D:1      | Noticed an octopode
    16 | D:1      | Noticed a halfling
    16 | D:1      | Noticed a draconian
    19 | D:1      | Noticed a spriggan
    21 | D:1      | Noticed a troll
    21 | D:1      | Noticed a merfolk
    23 | D:1      | Noticed a tengu
    23 | D:1      | Noticed a human
    27 | D:1      | Noticed a formicid
    27 | D:1      | Noticed a naga
   344 | D:1      | Reached XP level 2. HP: 15/15 MP: 4/8
   784 | D:2      | Found a shimmering altar of Xom.
   811 | D:2      | Found a hide-covered altar of Uskayaw.
   926 | D:2      | Reached XP level 3. HP: 19/19 MP: 0/10
  1249 | D:2      | Learned a level 3 spell: Conjure Flame
  1550 | D:2      | Found a basalt altar of Yredelemnul.
  1552 | D:2      | Found a burning altar of Makhleb.
  1558 | D:2      | Found a glowing silver altar of Zin.
  1558 | D:2      | Found a bloodstained altar of Trog.
  1938 | D:3      | Reached XP level 4. HP: 24/24 MP: 8/12
  2769 | D:3      | Learned a level 4 spell: Sticky Flame
  3006 | D:3      | Learned a level 3 spell: Inner Flame
  3339 | D:4      | Reached XP level 5. HP: 28/28 MP: 4/13
  3683 | D:4      | Killed from afar by an orc priest

Vault maps used:
D:1:      kb_arrival_jail
D:2:      marbit_many_paths, grunt_temple_overflow_open, old_standard_altar
D:3:      minmay_misc_feat_five
D:4:      first_bread

Skill      XL: |  1  2  3 |
---------------+----------+-----
Conjurations   | 2 |  2.8
Fire Magic     | 4 |  4.8
Spellcasting   | 4 |  4.6
Dodging        | |  2.4
Stealth        | |  2.4

Action                   |  1- 3 |  4- 6 || total
-------------------------+-------+-------++-------
Melee: Unarmed           |     5 |       ||     5
       Dagger            |    15 |    40 ||    55
 Cast: Flame Tongue      |    76 |    53 ||   129
       Conjure Flame     |       |     4 ||     4
       Inner Flame       |       |     3 ||     3
       Sticky Flame      |       |     2 ||     2
 Stab: Sleeping          |     2 |     3 ||     5
  Eat: Chunk             |     3 |     5 ||     8
Armor: Robe              |    16 |    13 ||    29
Dodge: Dodged            |    52 |    44 ||    96
